 Dungeon Crawl Stone Soup version 0.24.0-37-gcf1ca852f1 (webtiles) character file.

Game seed: 13698263740144581821, levelgen mode: deterministic

8680 FishyPogo the Nimble (level 11, -4/97 HPs)
             Began as a Gnoll Monk on Dec 6, 2019.
             Was the Champion of Wu Jian.
             Slain by a two-headed ogre
             ... wielding a +0 giant spiked club
              (20 damage)
             ... on level 11 of the Dungeon.
             The game lasted 00:46:34 (8886 turns).

FishyPogo the Nimble (Gnoll Monk)                   Turns: 8886, Time: 00:46:35

Health: -4/97      AC: 12    Str: 12    XL:     11   Next: 34%
Magic:  0/25       EV: 20    Int: 15    God:    Wu Jian [******]
Gold:   603        SH:  0    Dex: 22    Spells: 5/22 levels left

rFire    . . .     SeeInvis .   b - +2 mace of Bodily Humours {flame, Str-3 Dex+3}
rCold    . . .     Gourm    .   (no shield)
rNeg     . . .     Faith    +   t - +4 moon troll leather armour {Spirit, Regen++ MP+5}
rPois    +         Spirit   +   e - +1 helmet
rElec    .         Reflect  .   s - +0 cloak
rCorr    .         Harm     .   (no gloves)
MR       .....                  (no boots)
Stlth    +.........             p - amulet of faith
HPRegen  1.06/turn              m - ring of wizardry
MPRegen  0.19/turn              n - ring of poison resistance

@: confused, flying
A: distributed training, claws 1, fangs 1, clever 1, robust 1, strong nose
a: Wall Jump, Serpent's Lash, Heavenly Storm, Renounce Religion


You were on level 11 of the Dungeon.
You worshipped Wu Jian.
Wu Jian was exalted by your worship.
You were not hungry.

You visited 1 branch of the dungeon, and saw 11 of its levels.

You collected 746 gold pieces.
You spent 143 gold pieces at shops.

Inventory:

Hand Weapons
 a - a +3 mace of draining
 b - the +2 mace of Bodily Humours (weapon) {flame, Str-3 Dex+3}
   (You found it on level 5 of the Dungeon)

   It has been specially enchanted to burn those struck by it, causing extra
   injury to most foes and up to half again as much damage against particularly
   susceptible opponents.
   It affects your strength (-3).
   It affects your dexterity (+3).
Missiles
 i - 193 stones (quivered)
 k - 12 curare-tipped darts
 D - a throwing net
 E - 11 boomerangs
 F - 8 atropa-tipped darts
 L - 2 poisoned darts
Armour
 e - a +1 helmet (worn)
 s - a +0 cloak (worn)
 t - the +4 moon troll leather armour (worn) {Spirit, Regen++ MP+5}
   (You found it on level 7 of the Dungeon)

   It affects your magic capacity (+5).
   It increases your rate of regeneration.
Jewellery
 l - an uncursed ring of fire
 m - a ring of wizardry (left claw)
 n - a ring of poison resistance (right claw)
 p - an amulet of faith (around neck)
 u - an uncursed ring of resist corrosion
Wands
 d - a wand of digging (8)
 q - a wand of iceblast (9)
 v - a wand of polymorph (12)
 H - a wand of flame (13)
Scrolls
 f - a scroll of fear
 g - 9 scrolls of identify
 h - 2 scrolls of enchant armour
 j - 5 scrolls of remove curse
 o - 4 scrolls of teleportation
 r - 2 scrolls of enchant weapon {unknown}
 x - a scroll of brand weapon {unknown}
 A - 2 scrolls of immolation {unknown}
 C - 2 scrolls of magic mapping {unknown}
 G - 2 scrolls of torment {unknown}
 I - a scroll of vulnerability {unknown}
Potions
 w - a potion of lignification
 y - a potion of haste
 z - 3 potions of curing
 B - 2 potions of heal wounds
 K - a potion of magic {unknown}
 N - a potion of brilliance
Comestibles
 c - 20 rations
 M - 7 chunks of flesh


   Skills:
 + Level 9.0 Fighting
 + Level 6.1 Short Blades
 + Level 9.0 Long Blades
 + Level 6.1 Axes
 + Level 6.1 Maces & Flails
 + Level 6.1 Polearms
 + Level 6.1 Staves
 + Level 6.1 Slings
 + Level 6.1 Bows
 + Level 6.1 Crossbows
 + Level 6.1 Throwing
 + Level 6.1 Armour
 + Level 9.0 Dodging
 + Level 7.5 Stealth
 + Level 6.1 Shields
 + Level 6.1 Unarmed Combat
 + Level 6.1 Spellcasting
 + Level 5.0 Conjurations
 + Level 5.0 Hexes
 + Level 5.0 Charms
 + Level 5.0 Summonings
 + Level 5.0 Necromancy
 + Level 5.0 Translocations
 + Level 5.0 Transmutations
 + Level 5.0 Fire Magic
 + Level 5.0 Ice Magic
 + Level 5.0 Air Magic
 + Level 5.0 Earth Magic
 + Level 5.0 Poison Magic
 + Level 6.7 Invocations
 + Level 6.1 Evocations


You had 5 spell levels left.
You knew the following spells:

 Your Spells              Type           Power        Failure   Level  Hunger
a - Magic Dart            Conj           ###.         1%          1    None
b - Bolt of Magma         Conj/Fire/Erth ###.......   24%         5    ######.
c - Mephitic Cloud        Conj/Pois/Air  ###.....     2%          3    ##.....
j - Conjure Flame         Conj/Fire      ###.....     2%          3    ##.....
n - Iskenderun's Battles  Conj/Chrm      ###.....     24%         5    ######.

Your spell library contained the following spells:

 Spells                   Type           Power        Failure   Level  Hunger
 Blink                    Tloc           N/A          1%          2    #......
 Call Imp                 Summ           ###.....     1%          2    #......
 Slow                     Hex            ###.....     1%          2    #......
 Venom Bolt               Conj/Pois      ###.......   24%         5    ######.
 Iron Shot                Conj/Erth      ###.......   77%         6    #######
 Orb of Destruction       Conj           ###.......   99%         7    #######
 Spellforged Servitor     Conj/Summ      ###.......   99%         7    #######


Dungeon Overview and Level Annotations

Branches:
Dungeon (11/15)            Temple (0/1) D:7            Lair (0/6) D:9
    Orc (0/2) D:9

Altars:
Cheibriados
Dithmenos
Elyvilon
Fedhas
Gozag
Makhleb
Nemelex Xobeh
Okawaru
Ru
Wu Jian
Xom
Zin
The Shining One

Shops:
D:9 !


Innate Abilities, Weirdness & Mutations

Your experience applies equally to all skills.
You have very sharp teeth.
Your uncanny sense of smell can sniff out nearby items.
You have sharp fingernails.
Your mind is acute. (Int +2)
You are robust. (+10% HP)


Message History

The two-headed ogre hits you with a +0 giant spiked club!
* * * LOW HITPOINT WARNING * * *
You hear some strange, mumbled words.
You are confused.
An orc wizard appears from thin air!
Reactivating autopickup.
The orc completely misses you. The two-headed ogre misses you.
The two-headed ogre barely misses you.
You hit the two-headed ogre. You burn the two-headed ogre.
The two-headed ogre is lightly wounded.
The orc closely misses you.
The orc wizard hits you with a +0 dagger.
* * * LOW HITPOINT WARNING * * *
The orc barely misses you.
It was a potion of flight.
You feel very buoyant.
You fly up into the air.
You feel less exhausted.
The two-headed ogre hits you with a +0 giant spiked club!!
You die...

#######o#############............
...........o.....................
.................................
##..###########[........######...
#. #..#####..# #..# # #..# #..#
#..# ######..#####..######...
......oOo...............
.######@o...............
#..#######........
#..#######........
..................
..........######### #..<.......#
#..........# #.........>.
u........


You could see a two-headed ogre, an orc wizard and 2 orcs.

Vanquished Creatures
  A troll (D:11)
  A queen bee (D:10)
  2 basilisks (D:9)
  11 yaks (D:9)
  A hungry ghost (D:8)
  2 humans (D:10)
  Grum (D:8)
  Menkaure (D:6)
  5 porcupines (D:9)
  A sky beast (D:9)
  3 orc warriors
  A black bear (D:11)
  3 necrophages
  2 ice beasts
  3 phantoms
  5 centaurs
  2 wolves (D:8)
  7 ogres
  A crocodile (D:9)
  6 big kobolds
  2 bullfrogs
  3 scorpions
  13 killer bees (D:10)
  2 howler monkeys (D:9)
  3 crimson imps
  A centaur zombie (D:7)
  A bullfrog zombie (D:6)
  An iron imp (D:3)
  2 centaur skeletons
  8 orc priests
  Crazy Yiuf (D:6)
  7 hounds
  5 jellies
  7 orc wizards
  A bullfrog skeleton (D:6)
  4 iguanas
  Natasha (thrice) (D:4)
  A gnoll shaman (D:7)
  6 worker ants
  A killer bee zombie (D:7)
  A hound skeleton (D:9)
  A worker ant zombie (D:8)
  11 gnolls (D:7)
  15 adders
  A shadow imp (D:9)
  2 oozes
  4 adder zombies
  A worm (D:3)
  3 dart slugs
  3 leopard geckos
  60 orcs
  4 giant cockroaches
  4 goblins
  13 hobgoblins
  29 kobolds
  3 quokkas
  5 bats
  4 frilled lizards
  A giant cockroach zombie (D:6)
  5 rats
301 creatures vanquished.

Vanquished Creatures (others)
  A fungus (D:9)
  11 plants (D:9)
12 creatures vanquished.

Grand Total: 313 creatures vanquished

Notes
Turn   | Place    | Note
-------+----------+-------------------------------------------
     0 | D:1      | FishyPogo the Gnoll Monk began the quest for the Orb.
     0 | D:1      | Reached XP level 1. HP: 23/23 MP: 1/1
     6 | D:1      | Noticed a hound
     6 | D:1      | Noticed a killer bee
     6 | D:1      | Noticed a komodo dragon
     6 | D:1      | Noticed a swamp worm
     6 | D:1      | Noticed a five-headed hydra
   206 | D:1      | Found an ornate altar of the Wu Jian Council.
   212 | D:1      | Became a worshipper of the Wu Jian Council
   212 | D:1      | Reached * piety under Wu Jian
   212 | D:1      | Reached ** piety under Wu Jian
   355 | D:1      | Reached XP level 2. HP: 29/29 MP: 2/2
   845 | D:2      | Reached XP level 3. HP: 23/35 MP: 3/3
   991 | D:2      | Reached skill level 1 in Short Blades
   991 | D:2      | Reached skill level 1 in Axes
   991 | D:2      | Reached skill level 1 in Maces & Flails
   991 | D:2      | Reached skill level 1 in Polearms
   991 | D:2      | Reached skill level 1 in Staves
   991 | D:2      | Reached skill level 1 in Slings
   991 | D:2      | Reached skill level 1 in Bows
   991 | D:2      | Reached skill level 1 in Crossbows
   991 | D:2      | Reached skill level 1 in Throwing
   991 | D:2      | Reached skill level 1 in Armour
   991 | D:2      | Reached skill level 1 in Shields
   991 | D:2      | Reached skill level 1 in Unarmed Combat
   991 | D:2      | Reached skill level 1 in Spellcasting
   991 | D:2      | Reached skill level 1 in Invocations
   991 | D:2      | Reached skill level 1 in Evocations
   991 | D:2      | Reached XP level 4. HP: 30/41 MP: 5/5
  1127 | D:2      | Found a shimmering altar of Xom.
  1130 | D:2      | Found a shimmering altar of Xom.
  1130 | D:2      | Found a shimmering altar of Xom.
  1130 | D:2      | Found a shimmering altar of Xom.
  1133 | D:2      | Found a shimmering altar of Xom.
  1487 | D:3      | Reached skill level 1 in Conjurations
  1487 | D:3      | Reached skill level 1 in Hexes
  1487 | D:3      | Reached skill level 1 in Charms
  1487 | D:3      | Reached skill level 1 in Summonings
  1487 | D:3      | Reached skill level 1 in Necromancy
  1487 | D:3      | Reached skill level 1 in Translocations
  1487 | D:3      | Reached skill level 1 in Transmutations
  1487 | D:3      | Reached skill level 1 in Fire Magic
  1487 | D:3      | Reached skill level 1 in Ice Magic
  1487 | D:3      | Reached skill level 1 in Air Magic
  1487 | D:3      | Reached skill level 1 in Earth Magic
  1487 | D:3      | Reached skill level 1 in Poison Magic
  1522 | D:3      | HP: 1/41 [orc priest/divine providence (15)]
  1525 | D:3      | Gained mutation: You are robust. (+10% HP) [potion of
                  | mutation]
  1525 | D:3      | Gained mutation: You have sharp fingernails. [potion of
                  | mutation]
  1525 | D:3      | Gained mutation: Your mind is acute. (Int +2) [potion of
                  | mutation]
  1531 | D:3      | Reached XP level 5. HP: 13/51 MP: 5/7
  1552 | D:3      | Reached *** piety under Wu Jian
  1950 | D:3      | Found a glowing drain.
  1983 | D:3      | Found an ornate altar of the Wu Jian Council.
  1987 | D:3      | Found a blossoming altar of Fedhas.
  1987 | D:3      | Found a sparkling altar of Nemelex Xobeh.
  1987 | D:3      | Found a shadowy altar of Dithmenos.
  2369 | D:3      | Found a burning altar of Makhleb.
  2472 | D:4      | Reached XP level 6. HP: 54/58 MP: 8/8
  2582 | D:4      | Noticed Natasha
  2608 | D:4      | Killed Natasha
  2927 | D:4      | Noticed Natasha
  2943 | D:4      | Killed Natasha
  2949 | D:4      | Noticed Natasha
  2953 | D:4      | Killed Natasha
  2953 | D:4      | Reached XP level 7. HP: 49/64 MP: 10/10
  2993 | D:5      | Entered Level 5 of the Dungeon
  3038 | D:5      | Found a white marble altar of Elyvilon.
  3039 | D:5      | Found a glowing silver altar of Zin.
  3056 | D:5      | HP: 3/66 [orc/+0 hand axe (2)]
  3131 | D:5      | Got a crystal mace
  3132 | D:5      | Identified the +2 mace of Bodily Humours {flame, Str-3
                  | Dex+3} (You found it on level 5 of the Dungeon)
  3178 | D:5      | You fall into a shaft and drop 2 floors!
  3182 | D:7      | Found a staircase to the Ecumenical Temple.
  3246 | D:7      | Reached skill level 5 in Stealth
  3332 | D:7      | Found the +4 moon troll leather armour {Spirit, Regen++
                  | MP+5}
  3580 | D:6      | Reached XP level 8. HP: 70/73 MP: 12/12
  3817 | D:6      | Reached **** piety under Wu Jian
  3951 | D:6      | Found a runed translucent door.
  3952 | D:6      | Noticed Crazy Yiuf
  3962 | D:6      | Killed Crazy Yiuf
  4278 | D:5      | Found a glowing golden altar of the Shining One.
  4545 | D:6      | Noticed Menkaure
  4570 | D:6      | Killed Menkaure
  4674 | D:6      | Found a snail-covered altar of Cheibriados.
  5211 | D:7      | Reached XP level 9. HP: 73/79 MP: 14/14
  5379 | D:7      | Reached ***** piety under Wu Jian
  5917 | D:8      | Noticed Grum
  5931 | D:8      | Killed Grum
  5981 | D:8      | Reached skill level 5 in Invocations
  6143 | D:8      | Found a sacrificial altar of Ru.
  6255 | D:8      | Found an opulent altar of Gozag.
  6425 | D:9      | Learned a level 3 spell: Mephitic Cloud
  6430 | D:9      | Learned a level 3 spell: Conjure Flame
  6432 | D:9      | Learned a level 1 spell: Magic Dart
  6481 | D:9      | Reached XP level 10. HP: 77/88 MP: 17/17
  6550 | D:9      | Reached skill level 5 in Short Blades
  6550 | D:9      | Reached skill level 5 in Axes
  6550 | D:9      | Reached skill level 5 in Maces & Flails
  6550 | D:9      | Reached skill level 5 in Polearms
  6550 | D:9      | Reached skill level 5 in Staves
  6550 | D:9      | Reached skill level 5 in Slings
  6550 | D:9      | Reached skill level 5 in Bows
  6550 | D:9      | Reached skill level 5 in Crossbows
  6550 | D:9      | Reached skill level 5 in Throwing
  6550 | D:9      | Reached skill level 5 in Armour
  6550 | D:9      | Reached skill level 5 in Shields
  6550 | D:9      | Reached skill level 5 in Unarmed Combat
  6550 | D:9      | Reached skill level 5 in Spellcasting
  6550 | D:9      | Reached skill level 5 in Evocations
  6757 | D:9      | Found a staircase to the Orcish Mines.
  6977 | D:9      | Reached ****** piety under Wu Jian
  7090 | D:9      | Learned a level 5 spell: Iskenderun's Battlesphere
  7096 | D:9      | Learned a level 5 spell: Bolt of Magma
  7105 | D:9      | Found a staircase to the Lair.
  7169 | D:9      | Found Egeh's Distillery.
  7172 | D:9      | Bought a potion of curing for 39 gold pieces
  7172 | D:9      | Bought a potion of curing for 39 gold pieces
  7172 | D:9      | Bought a potion of heal wounds for 65 gold pieces
  7439 | D:10     | Entered Level 10 of the Dungeon
  7589 | D:10     | Reached XP level 11. HP: 95/95 MP: 19/19
  8498 | D:10     | Reached skill level 5 in Conjurations
  8498 | D:10     | Reached skill level 5 in Hexes
  8498 | D:10     | Reached skill level 5 in Charms
  8498 | D:10     | Reached skill level 5 in Summonings
  8498 | D:10     | Reached skill level 5 in Necromancy
  8498 | D:10     | Reached skill level 5 in Translocations
  8498 | D:10     | Reached skill level 5 in Transmutations
  8498 | D:10     | Reached skill level 5 in Fire Magic
  8498 | D:10     | Reached skill level 5 in Ice Magic
  8498 | D:10     | Reached skill level 5 in Air Magic
  8498 | D:10     | Reached skill level 5 in Earth Magic
  8498 | D:10     | Reached skill level 5 in Poison Magic
  8552 | D:10     | Found an iron altar of Okawaru.
  8761 | D:11     | Found a portal to a secret trove of treasure.
  8821 | D:11     | Noticed a red ugly thing
  8853 | D:11     | Noticed a two-headed ogre
  8886 | D:11     | Slain by a two-headed ogre

Levels and vault maps discovered:
D:1:      onia_arrival_zoo_common, layout_basic, kennysheep_flooded_box
D:2:      layout_rooms, xom_redecorated, first_ration, minmay_distorted
D:3:      layout_basic, makhleb_grotto_becter, grunt_temple_overflow_open,
          portal_sewer_entry_d
D:4:      layout_basic, uniq_natasha
D:5:      layout_rooms, good_gods_temple_1, nicolae_ossuary_entry_monument,
          st_stairs_7
D:6:      layout_basic, kennysheep_slug_shrine, uniq_crazy_yiuf_cottage,
          uniq_menkaure
D:7:      layout_basic, minmay_temple_entry_mist
D:8:      layout_rooms, nicolae_overflow_crystal_walls, basic_altar, uniq_grum
D:9:      layout_roguey, minmay_lair_entry_grove, hiddenorc2_lemuel,
          serial_shops, kennysheep_mini
D:10:     layout_stronghold, chequers_serial_rivers_small_3, david_nohive_1,
          okawaru_humans
D:11:     layout_long_grid, enter_trove_6

Skill      XL: |  1  2  3  4  5  6  7  8  9 10 11 |
---------------+----------------------------------+-----
Short Blades   | 1 2 3 4 5 6 |  6.1
Axes           | 1 2 3 4 5 6 |  6.1
Maces & Flails | 1 2 3 4 5 6 |  6.1
Polearms       | 1 2 3 4 5 6 |  6.1
Staves         | 1 2 3 4 5 6 |  6.1
Slings         | 1 2 3 4 5 6 |  6.1
Bows           | 1 2 3 4 5 6 |  6.1
Crossbows      | 1 2 3 4 5 6 |  6.1
Throwing       | 1 2 3 4 5 6 |  6.1
Armour         | 1 2 3 4 5 6 |  6.1
Shields        | 1 2 3 4 5 6 |  6.1
Unarmed Combat | 1 2 3 4 5 6 |  6.1
Spellcasting   | 1 2 3 4 5 6 |  6.1
Invocations    | 1 2 3 4 5 6 |  6.7
Evocations     | 1 2 3 4 5 6 |  6.1
Conjurations   | 1 2 3 4 5 |  5.0
Hexes          | 1 2 3 4 5 |  5.0
Charms         | 1 2 3 4 5 |  5.0
Summonings     | 1 2 3 4 5 |  5.0
Necromancy     | 1 2 3 4 5 |  5.0
Translocations | 1 2 3 4 5 |  5.0
Transmutations | 1 2 3 4 5 |  5.0
Fire Magic     | 1 2 3 4 5 |  5.0
Ice Magic      | 1 2 3 4 5 |  5.0
Air Magic      | 1 2 3 4 5 |  5.0
Earth Magic    | 1 2 3 4 5 |  5.0
Poison Magic   | 1 2 3 4 5 |  5.0
Fighting       | 7 8 9 |  9.0
Long Blades    | 7 8 9 |  9.0
Dodging        | 7 8 9 |  9.0
Stealth        | 5 6 7 |  7.5

Action                   |  1- 3 |  4- 6 |  7- 9 | 10-12 || total
-------------------------+-------+-------+-------+-------++-------
Melee: Falchion          |    72 |   200 |    35 |       ||   307
       Bite              |     2 |    25 |    63 |    74 ||   164
       Punch             |       |     1 |     9 |    18 ||    28
       Mace              |       |       |   462 |   527 ||   989
Throw: Stone             |     5 |       |     6 |       ||    11
 Cast: Mephitic Cloud    |       |       |       |    19 ||    19
       Magic Dart        |       |       |       |     8 ||     8
       Conjure Flame     |       |       |       |     1 ||     1
Invok: Lunge             |     9 |    23 |    32 |    62 ||   126
       Whirlwind         |     2 |    28 |    64 |   105 ||   199
       Serpent's Lash    |       |       |     1 |     1 ||     2
 Abil: Wall Jump         |     1 |     1 |     2 |     6 ||    10
Evoke: Wand              |       |       |       |     1 ||     1
  Use: Potion            |       |     6 |     8 |     1 ||    15
       Scroll            |       |     4 |     5 |     1 ||    10
 Stab: Sleeping          |     8 |    12 |     8 |     7 ||    35
       Distracted        |     1 |       |     1 |     5 ||     7
       Confused          |       |       |       |    15 ||    15
  Eat: Chunk             |       |     7 |    14 |    10 ||    31
       Ration            |       |       |     1 |       ||     1
Armor: Robe              |    13 |    20 |    11 |       ||    44
       Skin              |       |    42 |       |       ||    42
       Troll leather arm |       |       |   129 |   109 ||   238
Dodge: Dodged            |    56 |   140 |   520 |   475 ||  1191
       Rpst.: Falchion   |    16 |    50 |    11 |       ||    77
